 Dungeon Crawl Stone Soup version 0.28.0-56-g4927b6849a (webtiles) character file.

Game seed: 14760591142242783747

1420434 AarnesTheHuman the Bringer of Light (level 27, 191/191 HPs)
             Began as a Hill Orc Fighter on Feb 9, 2023.
             Was the Champion of the Shining One.
             Escaped with the Orb
             ... and 3 runes!
             The game lasted 03:06:22 (97409 turns).

AarnesTheHuman the Bringer of Light (HOFi)         Turns: 97409, Time: 03:06:22

Health: 191/191    AC: 39    Str: 31    XL:     27
Magic:  36/36      EV: 13    Int:  8    God:    the Shining One [******]
Gold:   8091       SH: 26    Dex: 16    Spells: 26/26 levels left

rFire   + + +      SeeInvis +   a - +10 morningstar "Zameq" {speed, Fly rCorr SInv}
rCold   + + +      Faith    .   p - +1 kite shield {rC+}
rNeg    + + +      Spirit   .   T - +5 gold dragon scales
rPois   +          Reflect  +   t - +2 helmet
rElec   .          Harm     .   N - scarf {rC+ rF+}
rCorr   +          Rampage  +   G - +2 pair of gloves
Will    +++++                   l - +2 pair of boots {rampage}
Stlth   ..........              K - amulet of reflection
HPRegen 0.41/turn               A - ring of willpower
MPRegen 0.25/turn               H - ring "Keoci" {rF+ Will+ Dex+4}

@: flying, glowing, studying Spellcasting
A: large bone plates 1, frail 3, low MP 1, strong-willed 1, sense surroundings
1, wild magic 1
0: Orb of Zot
}: 3/15 runes: serpentine, barnacled, silver
a: Renounce Religion, Divine Shield, Cleansing Flame, Summon Divine Warrior


You escaped.
You worshipped the Shining One.
The Shining One was exalted by your worship.
You visited 10 branches of the dungeon, and saw 49 of its levels.
You also visited: Ossuary, Ice Cave and Wizlab.

You collected 9271 gold pieces.
You spent 1180 gold pieces at shops.

Inventory:

Hand Weapons
 a - the +10 morningstar "Zameq" (weapon) {speed, Fly rCorr SInv}
   (You found it on level 4 of the Shoals)

   Attacks with this weapon are significantly faster.
   SInv:      It lets you see invisible.
   Fly:       It grants you flight.
   rCorr:     It protects you from acid and corrosion.
 b - a +8 broad axe of holy wrath
 k - a +7 broad axe of electrocution
 q - a +4 broad axe of freezing
 V - the +10 flail of Eternity {protect, rElec rPois rF-}
   (You took it off a deep elf knight on level 3 of the Elven Halls)

   It grants its wielder temporary protection when it strikes (+7 to AC).
   rF:        It makes you vulnerable to fire.
   rElec:     It insulates you from electricity.
   rPois:     It protects you from poison.
Missiles
 s - 10 throwing nets
 v - 45 poisoned darts (quivered)
 E - a curare-tipped dart
Armour
 l - a +2 pair of boots of rampaging (worn)
 p - a +1 kite shield of cold resistance (worn)
 t - a +2 helmet (worn)
 G - a +2 pair of gloves (worn)
 N - a scarf of resistance (worn)
 T - +5 gold dragon scales (worn)
Jewellery
 A - a ring of willpower (left hand)
 H - the ring "Keoci" (right hand) {rF+ Will+ Dex+4}
   (You found it on level 1 of the Shoals)

   [ring of protection from fire]

   Dex:       It affects your dexterity (+4).
   rF:        It protects you from fire.
   Will:      It increases your willpower.
 K - an amulet of reflection (around neck)
 O - the ring of Jioropne {rN+ Will+ Int-3 Dex+4 Stlth+}
   (You found it on level 5 of the Vaults)

   [ring of positive energy]

   Int:       It affects your intelligence (-3).
   Dex:       It affects your dexterity (+4).
   rN:        It protects you from negative energy.
   Will:      It increases your willpower.
   Stlth:     It makes you more stealthy.
 Q - a ring of resist corrosion
Wands
 c - a wand of mindburst (6)
 u - a wand of acid (7)
 J - a wand of flame (81)
 U - a wand of iceblast (15)
 X - a wand of digging (18)
 Z - a wand of paralysis (12)
Scrolls
 f - 8 scrolls of fog
 i - 3 scrolls of silence
 x - 2 scrolls of summoning
 y - 3 scrolls of blinking
 z - a scroll of brand weapon
 B - 15 scrolls of teleportation
 D - 7 scrolls of immolation
 F - 8 scrolls of fear
 I - a scroll of magic mapping
 P - 6 scrolls of vulnerability
 R - 6 scrolls of holy word
Potions
 d - 3 potions of might
 e - 6 potions of mutation
 g - 15 potions of curing
 h - 8 potions of brilliance
 m - 4 potions of ambrosia
 n - 11 potions of heal wounds
 o - 7 potions of haste
 w - 3 potions of berserk rage
 C - 2 potions of resistance
 L - 6 potions of magic
 M - 4 potions of cancellation
 S - 4 potions of lignification
Miscellaneous
 j - a tin of tremorstones (2/2)
 r - a lightning rod (4/4)
 W - a phantom mirror


   Skills:
 O Level 27 Fighting
 - Level 18.0(20.6) Axes
 + Level 14.5(17.2) Maces & Flails
 - Level 6.0 Crossbows
 + Level 20.5 Armour
 + Level 13.5 Dodging
 + Level 20.5 Shields
 O Level 27 Invocations
 - Level 10.0 Evocations


You had 26 spell levels left.
You didn't know any spells.
Your spell library contained the following spells:

 Spells                   Type           Power      Damage    Failure   Level
 Apportation              Tloc           0%         N/A       99%         1
 Beastly Appendage        Tmut           0%         N/A       99%         1
 Freeze                   Ice            0%         1d3       99%         1
 Magic Dart               Conj           0%         1d3       99%         1
 Sandblast                Erth           0%         2d4       99%         1
 Sting                    Tmut/Pois      0%         1d3       99%         1
 Summon Small Mammal      Summ           0%         N/A       99%         1
 Blink                    Tloc           0%         N/A       100%        2
 Corpse Rot               Necr/Air       0%         N/A       100%        2
 Ensorcelled Hibernation  Hex/Ice        0%         N/A       100%        2
 Poisonous Vapours        Pois/Air       0%         N/A       100%        2
 Searing Ray              Conj           0%         2d4       100%        2
 Static Discharge         Conj/Air       0%         N/A       100%        2
 Sublimation of Blood     Necr           0%         N/A       100%        2
 Wereblood                Tmut           0%         N/A       100%        2
 Call Canine Familiar     Summ           0%         N/A       100%        3
 Conjure Flame            Conj/Fire      0%         6-21      100%        3
 Frozen Ramparts          Ice            0%         1d2       100%        3
 Ignite Poison            Fire/Tmut/Pois 0%         N/A       100%        3
 Inner Flame              Hex/Fire       0%         N/A       100%        3
 Lesser Beckoning         Tloc           0%         N/A       100%        3
 Portal Projectile        Hex/Tloc       0%         N/A       100%        3
 Spider Form              Tmut/Pois      0%         N/A       100%        3
 Summon Guardian Golem    Hex/Summ       0%         N/A       100%        3
 Cause Fear               Hex            0%         N/A       100%        4
 Fulminant Prism          Conj/Hex       0%         3d6       100%        4
 Hailstorm                Conj/Ice       0%         3d3       100%        4
 Ice Form                 Ice/Tmut       0%         N/A       100%        4
 Leda's Liquefaction      Hex/Erth       0%         N/A       100%        4
 Olgreb's Toxic Radiance  Pois           0%         N/A       100%        4
 Sticky Flame             Conj/Fire      0%         2d3       100%        4
 Alistair's Intoxication  Tmut/Pois      0%         N/A       100%        5
 Fireball                 Conj/Fire      0%         3d3       100%        5
 Iskenderun's Battlesphe  Conj           0%         2d6       100%        5
 Lightning Bolt           Conj/Air       0%         1d11      100%        5
 Manifold Assault         Tloc           0%         N/A       100%        5
 Summon Forest            Summ/Tloc      0%         N/A       100%        5
 Summon Mana Viper        Hex/Summ       0%         N/A       100%        5
 Yara's Violent Unravell  Hex/Tmut       0%         3d3       100%        5
 Dispersal                Tloc           0%         N/A       100%        6
 Eringya's Noxious Bog    Tmut/Pois      0%         N/A       100%        6
 Iron Shot                Conj/Erth      0%         9d1       100%        6
 Simulacrum               Ice/Necr       0%         N/A       100%        6
 Starburst                Conj/Fire      0%         6d3       100%        6
 Malign Gateway           Summ/Tloc      0%         N/A       100%        7
 Orb of Destruction       Conj           0%         9d5       100%        7
 Spellforged Servitor     Conj/Summ      0%         N/A       100%        7
 Summon Hydra             Summ           0%         N/A       100%        7
 Borgnjor's Revivificati  Necr           0%         N/A       100%        8
 Discord                  Hex            0%         N/A       100%        8
 Disjunction              Tloc           0%         N/A       100%        8
 Ignition                 Fire           0%         3d3       100%        8
 Maxwell's Capacitive Co  Air            0%         ∞         100%        8
 Necromutation            Tmut/Necr      0%         N/A       100%        8
 Summon Horrible Things   Summ           0%         N/A       100%        8
 Death's Door             Necr           0%         N/A       100%        9
 Fire Storm               Conj/Fire      0%         5d1       100%        9


Dungeon Overview and Level Annotations

Branches:
Dungeon (15/15)            Temple (1/1) D:4            Lair (6/6) D:10
 Shoals (4/4) Lair:2        Snake (4/4) Lair:3        Slime (0/5) Lair:6
    Orc (2/2) D:9             Elf (3/3) Orc:2        Vaults (5/5) D:13
  Crypt (0/3) Vaults:3     Depths (4/4) D:15            Zot (5/5) Depths:4
Ossuary (visited)           IceCv (visited)          WizLab (visited)

Altars:
Ashenzari
Cheibriados
Dithmenos
Elyvilon
Fedhas
Gozag
Hepliaklqana
Kikubaaqudgha
Makhleb
Nemelex Xobeh
Okawaru
Qazlal
Ru
Sif Muna
Trog
Uskayaw
Vehumet
Wu Jian
Xom
Yredelemnul
Zin
The Shining One
Beogh
Jiyva
Lugonu

Shops:
D:7 :   D:10 *   D:11 (   Orc:1 [   Orc:2 ([=!   Shoals:3 !   Snake:2 *
Snake:3 *?(   Snake:4 :=:   Vaults:3 (   Vaults:4 [   Depths:2 :

Portals:
Hell: Depths:1 Depths:2 Depths:3 Depths:4
Abyss: Depths:3 Depths:4
Pandemonium: Depths:2 Depths:4
Ziggurat: Depths:3
Trove: Depths:4 (give +5 demon trident)

Annotations:
D:4 1 runed translucent door, Sensen's ghost, amateur GrEE
D:5 1 runed translucent door, peterlawrence's ghost, novice MiFi
D:6 3 runed translucent doors, exclusions: 3 doors and downstairs, kalagan's ghost, novice DECj
D:7 1 runed translucent door, Crazy Yiuf
D:14 1 runed translucent door, exclusions: door and orange crystal statue
Shoals:2 6 transporters
Elf:2 3 runed translucent doors, exclusion: 3 doors
Vaults:1 6 runed translucent doors
Depths:2 3 runed translucent doors, exclusions: 3 doors and downstairs, Sylirch's ghost, adept TeAE
Depths:3 1 runed translucent door, exclusion: door
Depths:4 5 runed translucent doors
Zot:4 exclusion: downstairs


Innate Abilities, Weirdness & Mutations

You are partially covered in large bone plates. (SH +4)
You are extremely frail. (-30% HP)
Your magical capacity is low. (-10% MP)
You are strong-willed. (Will+)
You passively map a small area around you.
Your spells are a little harder to cast, but a little more powerful.


Message History

The cherub is heavily wounded.
You puncture the cherub!
The cherub is heavily wounded.
You block the cherub's attack. x2
You closely miss the cherub.
The cherub is heavily wounded.
You perforate the cherub like a sieve!!!
You kill the cherub!
(D) Dungeon (T) Temple (L) Lair (A) Shoals (P) Snake Pit (M) Slime Pits (O) Orcish Mines (E) Elven Halls (V) Vaults (C) Crypt (U) Depths (H) Hell (Z) Zot
Where to? (Enter - D:1, ? - help)
Items here: ( )) [.
There is a stone staircase leading up here.
You fly upwards.
Level annotation: 3 runed translucent doors, exclusions: 3 doors and downstairs, kalagan's ghost, novice DECj
There is a stone staircase leading down here.
You see here a potion of degeneration.
There is a stone staircase leading up here.
You fly upwards.
Level annotation: 1 runed translucent door, peterlawrence's ghost, novice MiFi
There is a stone staircase leading down here.
There is a stone staircase leading up here.
You fly upwards.
Level annotation: 1 runed translucent door, Sensen's ghost, amateur GrEE
There is a stone staircase leading down here.
There is a stone staircase leading up here.
You fly upwards.
There is a stone staircase leading down here.
There is a stone staircase leading up here.
You fly upwards.
There is a stone staircase leading down here.
There is a stone staircase leading up here.
You fly upwards.
There is a stone staircase leading down here.
There is an open door here.
There is an open door here.
There is a staircase leading out of the dungeon here.
You have escaped!

#.....#...#.##....####...
#.....#####'#....#.###.#.
#####....#....#...###..#.
#....'..#...####..###
#....#.......###...#.
#.#####+#..#.##....+.
#.#...#...####..#..#.
#.#...#..####..#...#.
#.#.@.'.###...##...#.
#.#...###....###...#.
#.#####............#.
##........#...####..#.
#.....##.#....#..#..#.
#.#...........#..#....
#.####.#..............
#.####.#......#.#####.
#.##..................


There were no monsters in sight!

Vanquished Creatures
  3 dread liches
  4 ancient liches
  9 orbs of fire
  A juggernaut (Depths:4)
  A Killer Klown (Zot:5)
  Xtahua (Depths:4)
  A curse toe (Zot:4)
  The ghost of Zonian the Slayer, an adept HOFi of Beogh (Vaults:1)
  13 golden dragons
  the Enchantress (Depths:4)
  2 bone dragons (Depths:4)
  Jory (Vaults:3)
  3 electric golems
  Jorgrun (Elf:1)
  9 tentacled monstrosities
  26 Orb Guardians
  2 liches
  Asterion (Elf:2)
  5 titans
  6 quicksilver dragons
  4 deep elf master archers (Elf:3)
  2 deep elf blademasters (Elf:3)
  A walking divine tome (Depths:4)
  9 death cobs
  Gastronok (Lair:1)
  4 sphinxes (Vaults:4)
  Donald (Snake:3)
  A kraken (Shoals:1)
  13 shadow dragons
  18 storm dragons
  2 tengu reavers
  A rockslime (Elf:1)
  A daeva (Depths:2)
  Kirke (D:13)
  3 draconian monks
  3 draconian knights
  13 nagarajas
  4 fire giants
  3 azure jellies (Elf:1)
  A draconian shifter (Zot:1)
  9 draconian scorchers
  22 vault wardens
  2 iron dragons
  3 deep elf sorcerers
  8 frost giants
  2 deep elf elementalists (Elf:3)
  Aizul (Shoals:1)
  3 ghost moths
  2 draconian annihilators
  4 spriggan defenders
  An angel (Depths:2)
  A war gargoyle (Vaults:4)
  The ghost of kalagan the Eclecticist, a journeyman DECj of Sif Muna (Elf:1)
  4 ironbound thunderhulks
  3 draconian stormcallers
  16 stone giants
  8 ironbound preservers
  9 very ugly things
  2 vampire knights (Depths:2)
  11 green draconians
  14 yellow draconians
  7 deep elf demonologists
  An entropy weaver (Vaults:1)
  7 white draconians
  5 deep elf annihilators
  11 red draconians
  A dire elephant (shapeshifter) (Vaults:4)
  7 black draconians
  4 dire elephants (Vaults:1)
  8 purple draconians
  7 spark wasps
  Azrael (D:14)
  3 deep elf death magi
  10 merfolk impalers
  10 ettins
  Josephine (D:13)
  9 yaktaur captains
  A merfolk javelineer (Shoals:4)
  The ghost of peterlawrence the Bludgeoner, a journeyman MiFi of Okawaru (Lair:1)
  11 fire dragons
  6 great orbs of eyes
  24 vault guards
  3 boulder beetles
  5 deep elf high priests (Elf:3)
  14 ice dragons
  9 hydras
  3 ogre magi
  16 naga warriors
  3 spriggan air magi (Depths:4)
  Harold (D:8)
  A salamander tyrant (Snake:4)
  7 merfolk aquamancers
  15 ironbound frosthearts
  15 two-headed ogres
  11 anacondas
  A deep troll shaman (Depths:2)
  2 merfolk avatars
  2 satyrs
  The ghost of Eitelfritz the Cleaver, a novice HOFi of Uskayaw (D:9)
  12 centaur warriors
  14 dancing weapons
  2 tengu warriors (Depths:3)
  7 deep troll earth magi
  A vampire mage (Depths:3)
  A spriggan berserker (Depths:4)
  A death knight (D:13)
  A hell knight (Depths:4)
  9 death yaks
  4 orc high priests
  Urug (D:12)
  A soul eater (Depths:2)
  3 shock serpents (Snake:4)
  20 deep elf knights
  5 iron trolls
  20 naga sharpshooters
  9 sea snakes
  2 cherubim
  A death drake (shapeshifter) (Vaults:5)
  47 deep trolls
  6 salamander mystics (Snake:4)
  4 glowing orange brains
  A shadow demon (Depths:2)
  2 orange crystal statues
  Pikel (D:4)
  14 deep elf archers
  16 ironbound convokers
  6 necromancers
  6 lindwurms
  A tengu zombie (Vaults:2)
  12 wizards
  2 flayed ghosts
  13 naga ritualists
  27 deep elf pyromancers
  30 harpies
  27 deep elf zephyrmancers
  3 orc sorcerers
  3 phantasmal warriors
  6 orc knights
  5 mana vipers
  40 ugly things
  2 cyclopes (shapeshifter)
  A stone giant zombie (Depths:1)
  11 salamanders
  16 moths of wrath
  A shadow dragon skeleton (Depths:1)
  A wolf spider (Lair:6)
  12 manticores
  18 fauns
  A human skeleton (Vaults:2)
  8 cyclopes
  18 vault sentinels
  2 stone giant skeletons (Vaults:2)
  10 merfolk sirens
  2 eyes of devastation (Elf:1)
  17 elephants
  8 water nymphs
  36 black mambas
  A frost giant skeleton (Vaults:5)
  6 naga magi
  5 guardian serpents
  A rust devil (Depths:2)
  17 cane toads
  An elf skeleton (Vaults:3)
  A torpor snail (Lair:2)
  3 orange demons
  15 rime drakes
  2 freezing wraiths
  2 ice devils
  63 yaktaurs
  A kobold demonologist (D:11)
  A tormentor (Depths:3)
  15 komodo dragons
  An efreet (D:14)
  2 yaktaur skeletons
  22 merfolk
  A golden dragon simulacrum (Depths:1)
  A red devil (Depths:2)
  5 trolls
  A wind drake (shapeshifter) (Vaults:4)
  11 polar bears
  A wolf spider simulacrum (D:14)
  Prince Ribbit (D:8)
  A tarantella (Vaults:1)
  6 blink frogs
  8 wind drakes
  3 ettin zombies
  7 hornets
  6 snapping turtles
  19 slime creatures
  17 dream sheep
  A stone giant simulacrum (Vaults:2)
  A centaur simulacrum (D:15)
  A human simulacrum (Vaults:2)
  7 air elementals
  5 spriggans
  17 wyverns
  6 hogs (D:13)
  21 water elementals
  7 wraiths
  6 fire elementals
  7 basilisks
  76 yaks
  15 humans (D:12)
  2 chaos spawn (Depths:2)
  A neqoxec (Depths:2)
  5 golden eyes (Elf:1)
  3 redbacks (Lair:6)
  13 vampire mosquitoes
  8 wargs
  Edmund (D:3)
  34 nagas
  A yaktaur simulacrum (Vaults:5)
  3 hell hounds (D:14)
  2 acid dragons
  13 water moccasins
  2 black bears
  37 orc warriors
  An ice beast (D:5)
  A sky beast (D:7)
  An ettin simulacrum (Vaults:5)
  3 necrophages
  5 boggarts
  18 centaurs
  3 wolves (Lair:1)
  11 ogres
  A phantom (D:6)
  3 lemures (D:3)
  An elf zombie (Ossuary)
  A kobold brigand (D:8)
  Blork the orc (D:4)
  3 gnoll sergeants
  9 bullfrogs
  2 earth elementals (Elf:1)
  A scorpion (D:5)
  A wyvern skeleton (D:7)
  A water moccasin zombie (D:5)
  A howler monkey (D:6)
  6 electric eels
  9 centaur zombies
  7 human zombies
  2 jellies (Lair:6)
  20 orc priests
  Jessica (D:1)
  2 iguanas
  25 orc wizards
  2 killer bee zombies
  2 hound zombies (Ossuary)
  3 mummies (Ossuary)
  19 gnolls
  8 adders
  2 shadow imps (D:6)
  An ufetubus (D:6)
  An adder zombie (Ossuary)
  A worm (D:2)
  2 dart slugs (D:1)
  101 orcs
  2 endoplasms
  3 giant cockroaches (D:2)
  8 goblins
  6 hobgoblins
  7 quokkas
  8 ball pythons
  5 bats
  2 frilled lizards
  A gnoll zombie (Ossuary)
  3 goblin zombies (Ossuary)
  4 hobgoblin zombies (Ossuary)
  7 jackal zombies (Ossuary)
  15 kobolds
  3 kobold zombies (Ossuary)
  6 quokka zombies (Ossuary)
  7 rats
  2 rat zombies (Ossuary)
  3 tentacles (Shoals:1)
2013 creatures vanquished.

Vanquished Creatures (collateral kills)
  Mara (Shoals:3)
  Saint Roka (Orc:2)
  Mlioglotl (Shoals:1)
  Frances (D:13)
  3 spriggan defenders (Depths:4)
  A deep elf demonologist (Elf:3)
  An orange crystal statue (WizLab)
  A naga warrior (Snake:4)
  A hydra (Lair:1)
  A centaur warrior (D:13)
  A deep troll shaman (Depths:4)
  A deep troll (Depths:4)
  An orc sorcerer (Orc:2)
  A manticore (Shoals:1)
  A water nymph (Shoals:3)
  2 guardian serpents (Snake:4)
  A naga mage (Snake:4)
  2 cane toads (Lair:1)
  A komodo dragon (Lair:1)
  An air elemental (Shoals:4)
  An orc warrior (Orc:2)
  An orc priest (Orc:2)
  4 orcs (Orc:2)
30 creatures vanquished.

Vanquished Creatures (others)
  A dancing weapon (Elf:2)
  A moth of wrath (Zot:5)
  An air elemental (Elf:1)
  A spriggan (Depths:4)
  A human (D:13)
  An ogre (Vaults:5)
  An orc wizard (D:13)
  39 fungi
  73 plants
  5 tentacles (Shoals:1)
124 creatures vanquished.

Grand Total: 2167 creatures vanquished

Notes
Turn   | Place    | Note
-------+----------+-------------------------------------------
     0 | D:1      | AarnesTheHuman the Hill Orc Fighter began the quest for the
                  | Orb.
     0 | D:1      | Reached XP level 1. HP: 19/19 MP: 1/1
   133 | D:1      | Reached XP level 2. HP: 27/27 MP: 2/2
  1082 | D:2      | Noticed Jessica
  1095 | D:1      | Reached XP level 3. HP: 18/33 MP: 3/3
  1243 | D:1      | Killed Jessica
  1244 | D:1      | Reached XP level 4. HP: 27/40 MP: 4/4
  1645 | D:2      | Reached XP level 5. HP: 45/47 MP: 5/5
  2259 | D:3      | Found a faded altar of an unknown god.
  2297 | D:3      | Noticed an ogre
  2317 | D:3      | Killed an ogre
  2318 | D:3      | Reached skill level 5 in Fighting
  2318 | D:3      | Reached XP level 6. HP: 52/56 MP: 6/6
  2707 | D:3      | Reached skill level 5 in Axes
  3304 | D:4      | Found a staircase to the Ecumenical Temple.
  3313 | D:4      | Reached skill level 5 in Shields
  3322 | Temple   | Entered the Ecumenical Temple
  3435 | Temple   | Became a worshipper of the Shining One
  3496 | D:4      | Noticed Pikel
  3512 | D:4      | Noticed Edmund
  3670 | D:3      | Killed Edmund
  3671 | D:3      | Reached XP level 7. HP: 17/61 MP: 7/7
  4063 | D:4      | Killed Pikel
  4064 | D:4      | Reached XP level 8. HP: 36/69 MP: 8/8
  4366 | D:4      | Found a runed translucent door.
  4369 | D:4      | Noticed Sensen's ghost (amateur GrEE)
  4570 | D:4      | Reached skill level 1 in Invocations
  4865 | D:4      | Noticed Blork the orc
  4876 | D:4      | Killed Blork the orc
  5469 | D:5      | Entered Level 5 of the Dungeon
  6179 | D:5      | Noticed peterlawrence's ghost (novice MiFi)
  6205 | D:5      | Reached XP level 9. HP: 78/79 MP: 10/10
  6271 | D:5      | Found a runed translucent door.
  6496 | D:5      | Gained mutation: You are robust. (+10% HP) [potion of
                  | mutation]
  6496 | D:5      | Gained mutation: You are partially covered in iridescent
                  | scales. (AC +2) [potion of mutation]
  6586 | D:6      | Reached * piety under the Shining One
  6600 | D:6      | Reached skill level 10 in Axes
  6646 | D:6      | Found a runed translucent gate.
  6646 | D:6      | Found a runed translucent gate.
  6649 | D:6      | Found a runed translucent gate.
  6793 | D:6      | You fall into a shaft and drop 1 floor!
  6801 | D:7      | Reached skill level 5 in Armour
  7283 | D:6      | Noticed kalagan's ghost (novice DECj)
  7482 | D:7      | Found Mydghel's Book Boutique.
  7575 | D:7      | Found a runed translucent door.
  7576 | D:7      | Noticed Crazy Yiuf
  7827 | D:8      | Reached ** piety under the Shining One
  7870 | D:8      | Noticed Harold
  7884 | D:8      | Killed Harold
  7885 | D:8      | Reached XP level 10. HP: 64/100 MP: 11/11
  7915 | D:8      | Found a sand-covered staircase.
  7924 | Ossuary  | Entered an ossuary
  8059 | Ossuary  | Reached *** piety under the Shining One
  8171 | Ossuary  | Reached **** piety under the Shining One
  8295 | D:8      | Found a burning altar of Makhleb.
  8295 | D:8      | Found a glowing silver altar of Zin.
  8296 | D:8      | Noticed an angel
  8296 | D:8      | Noticed a green death
  8536 | D:8      | Noticed Prince Ribbit
  8543 | D:8      | Killed Prince Ribbit
  9140 | D:8      | Reached skill level 10 in Fighting
  9252 | D:9      | Found an ornate altar of the Wu Jian Council.
  9256 | D:9      | Reached ***** piety under the Shining One
  9283 | D:8      | Reached skill level 5 in Invocations
  9405 | D:9      | Found a blossoming altar of Fedhas.
  9468 | D:9      | Reached XP level 11. HP: 81/108 MP: 15/17
  9469 | D:9      | Reached skill level 1 in Evocations
  9770 | D:9      | Found a staircase to the Orcish Mines.
 10477 | D:10     | Entered Level 10 of the Dungeon
 10693 | D:10     | Found a runed translucent gate.
 10693 | D:10     | Identified the +0 scale mail of the Okapi {Stlth+}
 10693 | D:10     | Noticed Eitelfritz's ghost (novice HOFi)
 10694 | D:10     | Found a runed translucent gate.
 10695 | D:10     | Found a runed translucent gate.
 10705 | D:10     | Found Wyloopho's Hallowed Reliquary.
 10817 | D:10     | Noticed an angel
 10826 | D:10     | Noticed a two-headed ogre
 10833 | D:10     | Killed a two-headed ogre
 10834 | D:10     | Reached skill level 10 in Shields
 10834 | D:10     | Found a staircase to the Lair.
 10838 | D:10     | Bought a potion of heal wounds for 85 gold pieces
 11461 | D:10     | Found a roughly hewn altar of Beogh.
 11493 | D:9      | Killed Eitelfritz's ghost
 11678 | Lair:1   | Entered Level 1 of the Lair of Beasts
 11729 | Lair:1   | Noticed an eight-headed hydra
 11730 | Lair:1   | Found a runed translucent gate.
 11730 | Lair:1   | Noticed peterlawrence's ghost (journeyman MiFi)
 11731 | Lair:1   | Found a runed translucent gate.
 11732 | Lair:1   | Found a runed translucent gate.
 11742 | Lair:1   | Reached skill level 5 in Evocations
 11879 | Lair:1   | Reached skill level 1 in Dodging
 11964 | Lair:1   | Reached XP level 12. HP: 117/117 MP: 18/18
 12006 | Lair:1   | Noticed a four-headed hydra
 12022 | Lair:1   | Killed a four-headed hydra
 12425 | Lair:1   | Noticed Gastronok
 12506 | Lair:1   | Killed Gastronok
 12665 | Lair:1   | Killed an eight-headed hydra
 12666 | Lair:1   | Reached skill level 10 in Invocations
 12671 | Lair:1   | Killed peterlawrence's ghost
 12674 | Lair:1   | Reached skill level 5 in Dodging
 12681 | Lair:1   | Identified the ring "Aloerch" {rC- MP+9 Str+7}
 12791 | Lair:2   | Noticed a six-headed hydra
 12802 | Lair:2   | Killed a six-headed hydra
 13006 | Lair:2   | Found a staircase to the Shoals.
 13008 | Lair:2   | Noticed an eight-headed hydra
 13024 | Lair:2   | Killed a nine-headed hydra
 13850 | Lair:3   | Reached XP level 13. HP: 107/127 MP: 21/21
 13903 | Lair:3   | Reached skill level 15 in Axes
 14302 | Lair:3   | Found a staircase to the Snake Pit.
 14584 | Lair:4   | Reached skill level 10 in Armour
 14784 | Lair:4   | Noticed a ghost moth
 14784 | Lair:4   | a seven-headed hydra changed into a ghost moth
 14796 | Lair:4   | Killed a ghost moth
 15155 | Lair:4   | Identified the +2 cloak "Qelig" {Regen+ Str+2}
 16070 | Lair:5   | Reached XP level 14. HP: 22/138 MP: 23/23
 16770 | Lair:5   | Reached ****** piety under the Shining One
 16985 | Lair:6   | Entered Level 6 of the Lair of Beasts
 17271 | Lair:6   | Found a staircase to the Slime Pits.
 17469 | Lair:6   | Reached skill level 1 in Crossbows
 18145 | Lair:6   | Paralysed by a hornet for 1 turns
 18669 | Lair:6   | Reached skill level 5 in Crossbows
 18677 | Lair:6   | HP: 7/145 [poisoned by a cane toad]
 18682 | Lair:6   | HP: 4/145 [poisoned by a cane toad]
 19586 | D:11     | Reached XP level 15. HP: 151/151 MP: 24/24
 19954 | D:11     | Found Vedat's Weapon Boutique.
 20389 | D:11     | Found Vedat's Weapon Boutique.
 21716 | Orc:1    | Entered Level 1 of the Orcish Mines
 21904 | Orc:2    | Entered Level 2 of the Orcish Mines
 22096 | Orc:2    | Found a roughly hewn altar of Beogh.
 22107 | Orc:2    | Found Vucwyhe's Distillery.
 22126 | Orc:2    | Bought a potion of heal wounds for 80 gold pieces
 22201 | Orc:2    | Found a roughly hewn altar of Beogh.
 22349 | Orc:1    | Found Yfouv's Armour Shoppe.
 22510 | Orc:2    | Reached skill level 15 in Fighting
 22552 | Orc:2    | Noticed Saint Roka
 22742 | Orc:2    | Killed Saint Roka
 23039 | Orc:2    | Found a roughly hewn altar of Beogh.
 23040 | Orc:2    | Found Ceprump's Jewellery Shop.
 23139 | Orc:2    | Found a roughly hewn altar of Beogh.
 23210 | Orc:2    | Found Ysiun's Antique Weapon Shop.
 23211 | Orc:2    | Found a roughly hewn altar of Beogh.
 23212 | Orc:2    | Found Kaf Mei's Antique Armour Boutique.
 23297 | Orc:2    | Found a roughly hewn altar of Beogh.
 23359 | Orc:2    | Found a staircase to the Elven Halls.
 23487 | Orc:2    | Found a roughly hewn altar of Beogh.
 23661 | Orc:1    | Found a roughly hewn altar of Beogh.
 23901 | Orc:2    | Bought a pair of bloodstained gloves for 180 gold pieces
 23901 | Orc:2    | Identified the +0 pair of gloves of the Fiddle {Contam rN+
                  | Int+3} (You bought it in a shop on level 2 of the Orcish
                  | Mines)
 24108 | D:13     | Noticed Urug
 24108 | D:13     | Found a gate to the Vaults.
 24212 | D:12     | Killed Urug
 24372 | D:13     | Noticed Josephine
 24385 | D:13     | Killed Josephine
 24943 | D:13     | Noticed Kirke
 24947 | D:13     | Reached XP level 16. HP: 165/165 MP: 27/27
 24953 | D:13     | Killed Kirke
 24979 | D:13     | Noticed Frances
 24993 | D:13     | Killed Frances
 25011 | D:13     | Reached skill level 15 in Invocations
 25420 | D:14     | Found an iron altar of Okawaru.
 25534 | D:14     | Noticed Azrael
 25545 | D:14     | Killed Azrael
 25868 | D:14     | Found a runed translucent door.
 26128 | D:15     | Entered Level 15 of the Dungeon
 26128 | D:15     | Found a staircase to the Depths.
 26808 | D:15     | Identified the amulet "Miowkenn" {Faith Harm +Inv Dex+4
                  | SInv}
 27588 | Snake:1  | Entered Level 1 of the Snake Pit
 27641 | Snake:1  | Found a frozen archway.
 27646 | IceCv    | Entered an ice cave
 29033 | IceCv    | Reached XP level 17. HP: 174/174 MP: 28/28
 31797 | Snake:2  | Found Licod's Overcharged Wands.
 32840 | Snake:3  | Found Oquel's General Store.
 32842 | Snake:3  | Found Terom's Magic Scroll Shoppe.
 32844 | Snake:3  | Found Qydunn's Antique Weapon Emporium.
 33595 | Snake:3  | Identified the +2 kite shield of Midnight {rPois Will+
                  | Regen+ Slay-6}
 33595 | Snake:3  | Noticed Donald
 33607 | Snake:3  | Killed Donald
 33944 | Snake:4  | Entered Level 4 of the Snake Pit
 35077 | Snake:4  | Reached XP level 18. HP: 137/190 MP: 30/30
 35822 | Snake:4  | Found Hourgh Etih's Book Emporium.
 35823 | Snake:4  | Found Bynur's Jewellery Shop.
 35824 | Snake:4  | Found Pudeyfrips's Book Emporium.
 35836 | Snake:4  | Bought a ring of willpower for 425 gold pieces
 37760 | Snake:4  | Got a serpentine rune of Zot
 38933 | Shoals:1 | Entered Level 1 of the Shoals
 39155 | Shoals:1 | Noticed Aizul
 39176 | Shoals:1 | Killed Aizul
 39177 | Shoals:1 | Reached skill level 15 in Armour
 39678 | Shoals:1 | Noticed Mlioglotl
 39683 | Shoals:1 | Killed Mlioglotl
 39807 | Shoals:1 | Identified the ring "Keoci" {rF+ Will+ Dex+4}
 40622 | Shoals:2 | Found a transporter.
 40622 | Shoals:2 | Found a transporter.
 40813 | Shoals:2 | Found a transporter.
 40816 | Shoals:2 | Found a transporter.
 41151 | Shoals:2 | Found a transporter.
 41155 | Shoals:2 | Found a transporter.
 41244 | Shoals:3 | Found Ixzaj's Distillery.
 41564 | Shoals:3 | Reached XP level 19. HP: 180/203 MP: 32/32
 41898 | Shoals:3 | Bought a potion of haste for 170 gold pieces
 42031 | Shoals:3 | Noticed Mara
 42033 | Shoals:3 | Noticed AarnesTheHuman's illusion
 42046 | Shoals:3 | Killed Mara
 43020 | Shoals:4 | Entered Level 4 of the Shoals
 43492 | Shoals:4 | Paralysed by an air elemental for 1 turns
 43850 | Shoals:3 | Reached skill level 10 in Dodging
 44035 | Shoals:4 | HP: 10/206 [wind drake/the air (3)]
 44660 | Shoals:4 | Paralysed by an air elemental for 1 turns
 45290 | Shoals:4 | Identified the +2 tower shield of Dust Devil {rElec rF-
                  | rC+}
 45738 | Shoals:4 | Got a barnacled rune of Zot
 45799 | Shoals:4 | Identified the +10 morningstar "Zameq" {speed, Fly rCorr
                  | SInv}
 46647 | Shoals:4 | Paralysed by an air elemental for 1 turns
 47253 | Vaults:1 | Entered Level 1 of the Vaults
 48513 | Vaults:1 | You fall into a shaft and drop 1 floor!
 48535 | Vaults:2 | Reached XP level 20. HP: 199/217 MP: 34/34
 48618 | Vaults:2 | Found a magical portal.
 48633 | WizLab   | Entered Wucad Mu's Monastery
 48822 | WizLab   | Found the +9 staff of Wucad Mu {*channel}
 48879 | WizLab   | Reached XP level 21. HP: 105/224 MP: 11/36
 49362 | Vaults:1 | Found a large runed translucent door.
 49362 | Vaults:1 | Found a large runed translucent door.
 49362 | Vaults:1 | Found a large runed translucent door.
 49362 | Vaults:1 | Found a large runed translucent door.
 49362 | Vaults:1 | Found a large runed translucent door.
 49362 | Vaults:1 | Found a large runed translucent door.
 49362 | Vaults:1 | Found a large runed translucent door.
 49362 | Vaults:1 | Found a large runed translucent door.
 49362 | Vaults:1 | Noticed Zonian's ghost (adept HOFi)
 52391 | Vaults:3 | Noticed Jory
 52412 | Vaults:3 | Killed Jory
 53217 | Vaults:3 | Identified the +0 buckler of Ubladdih {Fly Str+4}
 53581 | Vaults:3 | Noticed an ancient lich
 53593 | Vaults:3 | Reached XP level 22. HP: 232/238 MP: 37/37
 53609 | Vaults:3 | Killed an ancient lich
 54168 | Vaults:3 | Found a staircase to the Crypt.
 54240 | Vaults:3 | Found Ziuraok's Weapon Shoppe.
 54930 | Vaults:4 | Identified the +9 long sword of the Leaping Lamprey {venom,
                  | Str+5 Int+7 Dex-5}
 56091 | Vaults:4 | Found Hoomota's Armour Shop.
 56458 | Vaults:1 | Killed Zonian's ghost
 56462 | Vaults:1 | Identified the +0 cloak of Happy Babbling {rC+}
 56896 | Depths:1 | Entered Level 1 of the Depths
 57619 | Depths:1 | Found a glowing golden altar of the Shining One.
 57735 | Depths:1 | Found a gateway to Hell.
 58014 | Depths:1 | Found a shimmering altar of Xom.
 58246 | Depths:2 | HP: 7/244 [stone giant (12)]
 58253 | Depths:2 | HP: 10/244 [flayed ghost/flay_damage (2)]
 59008 | Depths:2 | Found Fomolig's Book Shoppe.
 59657 | Depths:2 | Got Xouf's Grimoire of Entrancing Envenoming
 60113 | Depths:2 | Found a runed translucent gate.
 60113 | Depths:2 | Found a runed translucent gate.
 60113 | Depths:2 | Found a runed translucent gate.
 60117 | Depths:2 | Noticed an ancient lich
 60118 | Depths:2 | Noticed Sylirch's ghost (adept TeAE)
 60315 | Depths:2 | Found a one-way gate leading to the halls of Pandemonium.
 60489 | Depths:2 | Noticed an ancient lich
 61017 | Depths:3 | Reached XP level 23. HP: 221/255 MP: 39/39
 61121 | Depths:3 | Found a runed translucent door.
 61200 | Depths:3 | Found a one-way gateway to a ziggurat.
 61448 | Depths:3 | Found a shimmering altar of Xom.
 61640 | Depths:3 | Found a one-way gate to the infinite horrors of the Abyss.
 61641 | Depths:3 | Found a corrupted altar of Lugonu.
 61919 | Depths:4 | Entered Level 4 of the Depths
 61957 | Depths:4 | Reached skill level 15 in Shields
 63222 | Depths:4 | Noticed a golden dragon
 63232 | Depths:4 | Killed a golden dragon
 63306 | Depths:4 | Noticed a golden dragon
 63537 | Depths:4 | Noticed the Enchantress
 63564 | Depths:4 | Killed the Enchantress
 63753 | Depths:4 | Noticed a juggernaut
 63771 | Depths:4 | Killed a juggernaut
 64577 | Depths:4 | Noticed Xtahua
 64593 | Depths:4 | Killed Xtahua
 65207 | Depths:4 | Killed a golden dragon
 65285 | Depths:4 | Found a portal to a secret trove of treasure.
 65333 | Depths:4 | Found an opulent altar of Gozag.
 65447 | Depths:4 | Found a runed translucent door.
 65456 | Depths:4 | Found a runed translucent door.
 65470 | Depths:4 | Found a runed translucent door.
 65470 | Depths:4 | Found a runed translucent door.
 65480 | Depths:4 | Found a runed translucent door.
 65534 | Depths:4 | Found a runed translucent door.
 66048 | Depths:4 | Found a gate to the Realm of Zot.
 66357 | Elf:1    | Entered Level 1 of the Elven Halls
 66372 | Elf:1    | Found a radiant altar of Vehumet.
 66617 | Elf:1    | Paralysed by an air elemental for 1 turns
 66627 | Elf:1    | Noticed Jorgrun
 66639 | Elf:1    | Killed Jorgrun
 66724 | Elf:1    | Found a runed translucent gate.
 66724 | Elf:1    | Found a runed translucent gate.
 66725 | Elf:1    | Found a runed translucent gate.
 66726 | Elf:1    | Noticed kalagan's ghost (journeyman DECj)
 66728 | Elf:1    | Identified a scroll of acquirement
 68394 | Elf:1    | Found a viscous altar of Jiyva.
 68408 | Elf:1    | Killed kalagan's ghost
 68443 | Elf:1    | Reached XP level 24. HP: 255/269 MP: 39/39
 68879 | Elf:2    | Noticed Asterion
 68903 | Elf:2    | Killed Asterion
 69715 | Elf:2    | Found a runed translucent gate.
 69716 | Elf:2    | Found a runed translucent gate.
 69716 | Elf:2    | Found a runed translucent gate.
 70087 | Elf:3    | Entered Level 3 of the Elven Halls
 70875 | Elf:3    | Paralysed by an air elemental for 1 turns
 71508 | Elf:3    | Paralysed by an air elemental for 1 turns
 72371 | Elf:3    | Identified the +8 dagger of the Throat {holy, rPois Will-
                  | rCorr Int+4}
 72425 | Elf:3    | Identified the +7 trident "Heichygg" {vamp, rF+ rC- rN+
                  | Int+5}
 72458 | Elf:3    | Identified the +7 quarterstaff "Vequcusk" {vorpal, Str+2}
 72459 | Elf:3    | Identified the +10 flail of Eternity {protect, rElec rPois
                  | rF-}
 72494 | Elf:3    | Identified the +5 eveningstar "Qoax" {elec, rPois rF+ rC+++
                  | Int-3}
 72602 | Elf:3    | Identified the amulet "Zecseycw" {Spirit MP+9 Str+4}
 72612 | Elf:3    | Found the +7 pair of quick blades "Gyre" and "Gimble"
                  | {protect}
 72714 | Elf:3    | Got the Almanac of Ice and Confrontation
 72726 | Elf:3    | Identified the +3 longbow "Lorhos" {flame, rElec rF+ Int+4
                  | Dex+4}
 73300 | Vaults:5 | Entered Level 5 of the Vaults
 75137 | Vaults:5 | Reached XP level 25. HP: 233/278 MP: 30/40
 75368 | Vaults:5 | Noticed a dread lich
 75444 | Vaults:4 | Killed a dread lich
 75966 | Vaults:5 | Noticed an ancient lich
 76330 | Vaults:4 | Killed an ancient lich
 76549 | Vaults:5 | Got a silver rune of Zot
 76604 | Vaults:5 | Identified the +5 morningstar of Gawuicyo {protect, Fragile
                  | Fly Dex+4}
 76741 | Vaults:5 | Noticed an ancient lich
 76759 | Vaults:5 | Killed an ancient lich
 77547 | Vaults:5 | Got Sif Muna's Reference Book on Dark Envenoming
 77887 | Vaults:5 | Identified the ring of Jioropne {rN+ Will+ Int-3 Dex+4
                  | Stlth+}
 77964 | Vaults:5 | Identified the +11 halberd "Giuck" {vorpal, rC+ Str-4
                  | Int+3}
 78203 | Vaults:5 | Identified the +1 scale mail of Integrity {-Cast Will+
                  | Regen+ SInv}
 78204 | Vaults:5 | Acquired a manual of Maces & Flails
 78947 | Zot:1    | Entered Level 1 of the Realm of Zot
 79490 | Zot:1    | Reached skill level 1 in Maces & Flails
 80136 | Zot:1    | Reached skill level 5 in Maces & Flails
 80677 | Zot:2    | Reached skill level 27 in Invocations
 81409 | Zot:2    | Reached skill level 10 in Maces & Flails
 83321 | Zot:2    | Reached XP level 26. HP: 173/290 MP: 40/40
 85402 | Zot:4    | Got the Handbook of Summoning and Stones
 86429 | Zot:4    | Noticed an orb of fire
 86438 | Zot:4    | Gained mutation: Your magical capacity is low. (-10% MP)
                  | [an orb of fire]
 86450 | Zot:4    | Gained mutation: You are weak. (Str -2) [an orb of fire]
 86454 | Zot:4    | Killed an orb of fire
 86951 | Zot:5    | Entered Level 5 of the Realm of Zot
 87026 | Zot:4    | Reached skill level 27 in Fighting
 88624 | Zot:5    | Noticed an ancient lich
 88680 | Zot:5    | Killed an ancient lich
 89018 | Zot:5    | Identified a +8 broad axe of holy wrath (a +6 vorpal broad
                  | axe blessed by the Shining One)
 89018 | Zot:5    | Received a gift from the Shining One
 89426 | Zot:5    | Noticed a dread lich
 89427 | Zot:5    | Noticed an orb of fire
 89745 | Zot:5    | Gained mutation: Armour fits poorly on your strangely
                  | shaped body. [an orb of fire]
 89767 | Zot:4    | Gained mutation: Your body sometimes deteriorates upon
                  | taking damage. [an orb of fire]
 89771 | Zot:4    | Gained mutation: You are very weak. (Str -4) [an orb of
                  | fire]
 89777 | Zot:4    | Gained mutation: Potions are less effective at restoring
                  | your health. [an orb of fire]
 89779 | Zot:4    | Killed an orb of fire
 89780 | Zot:4    | Lost mutation: Your magical capacity is low. (-10% MP)
                  | [potion of mutation]
 89780 | Zot:4    | Lost mutation: You are robust. (+10% HP) [potion of
                  | mutation]
 89780 | Zot:4    | Gained mutation: You are frail. (-10% HP) [potion of
                  | mutation]
 89780 | Zot:4    | Gained mutation: You have sharp fingernails. [potion of
                  | mutation]
 89781 | Zot:4    | Lost mutation: You are partially covered in iridescent
                  | scales. (AC +2) [potion of mutation]
 89781 | Zot:4    | Lost mutation: You are very weak. (Str -4) [potion of
                  | mutation]
 89781 | Zot:4    | Gained mutation: You passively dampen the noise of your
                  | surroundings. [potion of mutation]
 89781 | Zot:4    | Gained mutation: You have sharp toenails. [potion of
                  | mutation]
 89781 | Zot:4    | Gained mutation: Your mind is acute. (Int +2) [potion of
                  | mutation]
 89781 | Zot:4    | Gained mutation: You have a pair of small antennae on your
                  | head. [potion of mutation]
 89782 | Zot:4    | Lost mutation: You have sharp toenails. [potion of
                  | mutation]
 89782 | Zot:4    | Lost mutation: You are weak. (Str -2) [potion of mutation]
 89782 | Zot:4    | Gained mutation: You are agile. (Dex +2) [potion of
                  | mutation]
 89782 | Zot:4    | Gained mutation: Your spells are a little harder to cast,
                  | but a little more powerful. [potion of mutation]
 89783 | Zot:4    | Lost mutation: You passively dampen the noise of your
                  | surroundings. [potion of mutation]
 89783 | Zot:4    | Lost mutation: You are frail. (-10% HP) [potion of
                  | mutation]
 89783 | Zot:4    | Lost mutation: Potions are less effective at restoring your
                  | health. [potion of mutation]
 89783 | Zot:4    | Gained mutation: Your spells are harder to cast, but more
                  | powerful. [potion of mutation]
 89783 | Zot:4    | Gained mutation: You have sharp toenails. [potion of
                  | mutation]
 89810 | Zot:5    | Killed a dread lich
 90527 | Zot:5    | Noticed a Killer Klown
 90529 | Zot:5    | a Killer Klown changed into a spark wasp
 90608 | Zot:5    | Noticed an orb of fire
 90608 | Zot:5    | Lost mutation: You are agile. (Dex +2) [an orb of fire]
 90858 | Zot:5    | Lost mutation: Your spells are harder to cast, but more
                  | powerful. [an orb of fire]
 90860 | Zot:5    | Gained mutation: You are frail. (-10% HP) [an orb of fire]
 90868 | Zot:4    | Gained mutation: You are very frail. (-20% HP) [an orb of
                  | fire]
 90873 | Zot:4    | Gained mutation: You are occasionally teleported next to
                  | monsters. [an orb of fire]
 90875 | Zot:4    | Killed an orb of fire
 90876 | Zot:4    | Lost mutation: You are occasionally teleported next to
                  | monsters. [potion of mutation]
 90876 | Zot:4    | Lost mutation: Your body sometimes deteriorates upon taking
                  | damage. [potion of mutation]
 90876 | Zot:4    | Gained mutation: You have a somewhat thin skeletal
                  | structure. (Dex +2, Stealth+) [potion of mutation]
 90878 | Zot:5    | Noticed an orb of fire
 90929 | Zot:5    | Lost mutation: Armour fits poorly on your strangely shaped
                  | body. [an orb of fire]
 91199 | Zot:4    | Killed an orb of fire
 91484 | Zot:5    | Noticed an orb of fire
 91487 | Zot:5    | Lost mutation: You have sharp toenails. [an orb of fire]
 91613 | Zot:5    | Gained mutation: Your magical capacity is low. (-10% MP)
                  | [an orb of fire]
 91615 | Zot:5    | Killed an orb of fire
 91826 | Zot:5    | Noticed an orb of fire
 91830 | Zot:5    | Gained mutation: You passively map a small area around you.
                  | [an orb of fire]
 91844 | Zot:4    | Lost mutation: You have sharp fingernails. [an orb of fire]
 91853 | Zot:4    | Killed an orb of fire
 91854 | Zot:4    | Reached skill level 10 in Evocations
 92344 | Zot:5    | Noticed an orb of fire
 92352 | Zot:5    | Gained mutation: Your body sometimes deteriorates upon
                  | taking damage. [an orb of fire]
 92374 | Zot:5    | Lost mutation: Your mind is acute. (Int +2) [an orb of
                  | fire]
 92375 | Zot:5    | Killed an orb of fire
 92505 | Zot:5    | Noticed an orb of fire
 94099 | Zot:5    | Noticed an orb of fire
 94108 | Zot:5    | Gained mutation: You occasionally shout uncontrollably at
                  | your foes. [an orb of fire]
 94130 | Zot:5    | Gained mutation: Potions are less effective at restoring
                  | your health. [an orb of fire]
 94134 | Zot:5    | Killed an orb of fire
 94135 | Zot:5    | Reached XP level 27. HP: 171/218 MP: 36/36
 94341 | Zot:5    | Noticed a dread lich
 94352 | Zot:5    | Killed a dread lich
 94795 | Zot:5    | Gained mutation: You are extremely frail. (-30% HP) [an orb
                  | of fire]
 94804 | Zot:5    | Killed an orb of fire
 95310 | Zot:5    | Lost mutation: You have a pair of small antennae on your
                  | head. [potion of mutation]
 95310 | Zot:5    | Lost mutation: Your body sometimes deteriorates upon taking
                  | damage. [potion of mutation]
 95310 | Zot:5    | Lost mutation: You occasionally shout uncontrollably at
                  | your foes. [potion of mutation]
 95310 | Zot:5    | Gained mutation: You expend magic power (3 MP) to
                  | strengthen your wands. [potion of mutation]
 95310 | Zot:5    | Gained mutation: You are partially covered in iridescent
                  | scales. (AC +2) [potion of mutation]
 95310 | Zot:5    | Gained mutation: You are partially covered in large bone
                  | plates. (SH +4) [potion of mutation]
 95311 | Zot:5    | Lost mutation: Potions are less effective at restoring your
                  | health. [potion of mutation]
 95311 | Zot:5    | Lost mutation: You are partially covered in iridescent
                  | scales. (AC +2) [potion of mutation]
 95311 | Zot:5    | Lost mutation: You have a somewhat thin skeletal structure.
                  | (Dex +2, Stealth+) [potion of mutation]
 95311 | Zot:5    | Lost mutation: You expend magic power (3 MP) to strengthen
                  | your wands. [potion of mutation]
 95311 | Zot:5    | Gained mutation: You are strong-willed. (Will+) [potion of
                  | mutation]
 96499 | Orc:2    | Bought a potion of haste for 160 gold pieces
 96499 | Orc:2    | Bought a potion of heal wounds for 80 gold pieces
 96954 | Zot:5    | Got the Orb of Zot
 96962 | Zot:5    | Noticed Wagoul the pandemonium lord
 97143 | Depths:1 | Noticed Dedifoe the pandemonium lord
 97409 | D:$      | Escaped with the Orb!

Illustrated notes

Levels and vault maps discovered:
D:1:      arrival_zaba_pyramid, layout_basic
D:2:      layout_rooms, minivault_27, grunt_decor_one_mirror, uniq_jessica
D:3:      layout_loops_cross, shapermc_ecumenical_altar_notcrosses
D:4:      layout_cave_pods, minmay_temple_entry_glass, ebering_ghost_sewer_d,
          uniq_blork_the_orc, uniq_edmund, uniq_pikel
D:5:      layout_basic, hellmonk_ghost_happy_afterlife,
          hangedman_decor_opposing, wad_floor_pattern_2
D:6:      layout_basic, ebering_ghost_rock_garden
D:7:      layout_rooms, serial_shops, kennysheep_little_box,
          uniq_crazy_yiuf_cottage
D:8:      hellmonk_warped_wall, layout_loops_ring,
          grunt_temple_overflow_order_and_chaos_2, chequers_ossuary_entry_cave,
          uniq_prince_ribbit1, uniq_harold
D:9:      layout_small_grid, mainiacjoe_overflow_catwalk_spiral, erik_orc_3
D:10:     layout_basic, lair_entry_dummy, biasface_ghost_orc_armoury,
          serial_corexii_hall, chequers_hall_statues_y, corexii_hall_statues_l,
          roderic_roman_lattice, hangedman_glass_garden,
          hangedman_decor_clover_reticule, nicolae_good_shop
D:11:     layout_basic, serial_shops, shop, kennysheep_pointless_box,
          grunt_tough_drop
D:12:     layout_layer_cave
D:13:     layout_irregular_city, david_vaults_3, uniq_frances, uniq_josephine,
          uniq_kirke
D:14:     layout_loops_ring, okawaru_ov_weapons_minmay, minmay_crystal_box,
          uniq_azrael
D:15:     grunt_enter_depths_giant_problem, layout_small_grid,
          minmay_misc_feat_ornament, roderic_serpentine_path
Temple:   mainiacjoe_temple_coin_purse
Lair:1:   layout_regular_city, gammafunk_ghost_split, fungi_pond_lemuel,
          uniq_gastronok
Lair:2:   layout_regular_city, shoals_dummy_entry
Lair:3:   layout_big_grid, guppyfry_snake_entry_garden
Lair:4:   layout_long_grid, nicolae_quartered_pool_super, minivault_11,
          chequers_serial_rivers_micro_e
Lair:5:   layout_cellular_growth, serial_bayou_shore_a, uniq_urug
Lair:6:   hangedman_lair_tendril_chambers, layout_layer_cave,
          minmay_slime_entry_pillars, serial_bayou_lake_a
Shoals:1: layout_shoals, uniq_mlioglotl, uniq_aizul
Shoals:2: layout_shoals, serial_nicolae_subway, nicolae_sub_station_stone,
          nicolae_sub_station_metal, nicolae_sub_station_crystal
Shoals:3: layout_shoals, serial_shops, shop_statue,
          nicolae_shoals_arrival_archipelago, uniq_mara
Shoals:4: shoals_end_hellmonk_storm_palace [storm_palace_center_ruins,
          storm_palace_corner_grid, storm_palace_corner_blocked,
          storm_palace_corner_grid, storm_palace_corner_grid], serial_shops
Snake:1:  layout_layer_cave, portal_ice_cave_entry_pillars_four
Snake:2:  layout_layer_cave, nicolae_shop_overcharged_wands, uniq_saint_roka
Snake:3:  layout_gridlike, minmay_shop_star, uniq_donald
Snake:4:  grunt_snake_rune_spirals, layout_onion, minmay_shop_grove
Orc:1:    layout_diamond_mine, basic_altar, serial_shops, shop
Orc:2:    grunt_orc_community_town_hall, layout_caves,
          grunt_orc_community_big_house_2, grunt_orc_community_big_house_1,
          grunt_orc_community_house_2, grunt_orc_community_house_2,
          grunt_orc_community_house_1, grunt_orc_community_house_2,
          grunt_orc_community_house_1
Elf:1:    eino_elf_arrival_altar, layout_loops_corners, gammafunk_ghost_ooze,
          minmay_elf_demonology, amcnicky_mini_pool_small, grunt_ministairs_8,
          uniq_jorgrun
Elf:2:    nicolae_elf_blades_crystal_corner, layout_gridlike,
          minmay_misc_feat_alley, nicolae_fountain_basement, uniq_asterion
Elf:3:    minmay_elf_hall_circle, layout_geoelf_castle
Vaults:1: advil_vaults_ghost_lines, grunt_vaults_bifocal,
          nicolae_vaults_yaktaur_gun_rack, hangedman_vaults_trim,
          vaults_dpeg_cross, nicolae_vaults_little_squares_1,
          vaults_room_ringed_pool, nicolae_vaults_little_ls,
          grunt_vaults_hallway_long, vaults_room_door_ring,
          vaults_room_stairs_pillars, layout_vaults_quadrants
Vaults:2: infiniplex_enter_wizlab_water, vaults_room_boxed, v_rooms_5,
          v_rooms_3, grunt_vaults_hallway_short, vaults_room_pools,
          layout_vaults_big_room, serial_glass
Vaults:3: nicolae_vaults_circle_grid_a, minmay_crypt_entry_nasty_monster,
          nicolae_vaults_puzzle_piece, ontoclasm_vaults_tryst,
          vaults_mumra_minichess, nicolae_vaults_little_squares_4,
          vaults_mumra_minichess_inversion, v_alt_pattern_2, v_misc_28,
          v_rooms_5, nicolae_vaults_display_case, v_misc_17,
          ontoclasm_vaults_misaligned, layout_vaults_maze_bifur, serial_shops,
          nicolae_shop_bloodbath_and_beyond, uniq_jory
Vaults:4: nicolae_vaults_quadrants, v_alt_pattern_3,
          nicolae_vaults_big_angled_halls, nicolae_vaults_specimen_jars,
          nicolae_vaults_mini_display_case, nicolae_vaults_shelves_hall,
          nicolae_vaults_little_squares_2, vaults_dpeg_ring,
          layout_vaults_omnicross, serial_shops, nicolae_shop_waterfront
Vaults:5: serial_shops
Depths:1: layout_gridville, tso_metal_star, hell_entry, tgw_xom,
          grunt_megastairs_1
Depths:2: abrahamwl_protected_by_tso_1, layout_long_grid,
          grunt_pan_entry_sceptre, minmay_misc_feat_cross,
          gammafunk_ghost_necromancy, serial_shops, shop_statue, hell_entry,
          infiniplex_staircase_pool_2
Depths:3: mu_elemental_laboratory, layout_basic, enter_ziggurat_c,
          abyss_entry_flame_altar, lemuel_round_altar,
          grunt_hell_entry_dis_grunt
Depths:4: evilmike_zot_entry_castle, layout_gridlike,
          nicolae_gozag_cash_rules_everything_around_me, rand_demon_pan_entry_5,
          enter_trove_0, abyss_entry_glasseish, pf_coc_iceberg, uniq_xtahua,
          uniq_enchantress
Zot:1:    layout_gridville
Zot:2:    layout_misc_corridors
Zot:3:    kennysheep_oblong_rooms, layout_basic
Zot:4:    layout_cathedral_of_symmetry, grunt_ministairs_11,
          st_large_dragon_hoard_3, grunt_megastairs_2
Zot:5:    layout_basic

Skill      XL: |  1  2  3  4  5  6  7  8  9 10 11 12 13 14 15 16 17 18 19 20 21 22 23 24 25 26 27 |
---------------+----------------------------------------------------------------------------------+-----
Axes           | 3 4 5 7 9 11 12 14 15 17 18 | 18.0
Fighting       | 4 5 7 9 10 11 12 14 15 16 18 20 21 22 24 26 27 | 27.0
Shields        | 4 5 6 7 8 9 10 11 13 14 16 18 20 | 20.5
Armour         | 4 6 7 8 11 12 13 15 16 18 20 | 20.5
Invocations    | 2 8 11 12 14 15 17 19 21 22 23 24 25 26 27 | 27.0
Evocations     | 5 6 7 10 | 10.0
Dodging        | 1 5 6 7 9 11 12 13 | 13.5
Crossbows      | 6 |  6.0
Maces & Flails | 10 13 14 | 14.5

Action                   |  1- 3 |  4- 6 |  7- 9 | 10-12 | 13-15 | 16-18 | 19-21 | 22-24 | 25-27 || total
-------------------------+-------+-------+-------+-------+-------+-------+-------+-------+-------++-------
Melee: War axe           |    66 |   147 |   203 |   487 |  1064 |       |       |       |       ||  1967
       Whip              |       |       |       |    29 |    43 |       |       |       |       ||    72
       Broad axe         |       |       |       |       |    57 |  1134 |  1169 |  1603 |   421 ||  4384
       Morningstar       |       |       |       |       |       |       |       |       |  1141 ||  1141
       Flail             |       |       |       |       |       |       |       |       |   153 ||   153
 Fire: Hand crossbow     |       |       |       |       |    30 |    15 |       |       |       ||    45
Throw: Dart              |       |     7 |     9 |     5 |    22 |     1 |       |       |     2 ||    46
       Throwing net      |       |       |       |       |     1 |       |       |       |       ||     1
Invok: Summon Divine War |       |       |       |     1 |     1 |     4 |     3 |     3 |       ||    12
       Cleansing Flame   |       |       |       |       |       |     1 |       |     7 |     2 ||    10
       Divine Shield     |       |       |       |       |       |       |       |     2 |       ||     2
       Brand Weapon With |       |       |       |       |       |       |       |       |     1 ||     1
Evoke: Wand              |       |       |     1 |    17 |     9 |     3 |       |    10 |    42 ||    82
       Lightning rod     |       |       |       |       |       |       |       |       |     1 ||     1
  Use: Potion            |     1 |       |     2 |       |     2 |     1 |     4 |     1 |    10 ||    21
       Scroll            |       |     6 |    10 |    11 |     4 |     5 |     3 |     9 |    14 ||    62
Armor: Scale mail        |    14 |       |       |       |       |       |       |       |       ||    14
       Chain mail        |    30 |    91 |   116 |   296 |   627 |       |       |       |       ||  1160
       Plate armour      |       |       |       |       |    86 |   540 |   605 |   627 |   339 ||  2197
       Gold dragon scale |       |       |       |       |       |       |       |       |   253 ||   253
Dodge: Dodged            |    41 |    53 |    80 |   152 |   428 |   387 |   358 |   467 |   435 ||  2401
Block: Buckler           |    28 |    34 |    34 |       |       |       |       |       |       ||    96
       Kite shield       |       |       |    25 |   284 |   718 |  1043 |   994 |  1295 |  1106 ||  5465
       Reflection        |       |       |       |       |       |   159 |    58 |   138 |    27 ||   382
